Map: Berlingrad LE

Players

RustyShacky - Winner!

  • Race: Terran Terran
  • League: Platinum

A.I. 1 (Medium)

  • Race: Terran Terran

VOD

Have the link to the VOD?

Description

Time

  • Played on: Feb. 6, 2022, 1:25 a.m.
  • Length: 13:25
Show
View Real Time Build Order
Export as new Build Order

RustyShacky Terran - Winner!

Build Orders: Gas First Reaper Expand 

Get SALT Encoding   

  12  0:00  SCV  
  13  0:12  SCV  
  14  0:17  Supply Depot  
  14  0:24  SCV  
  14  0:28  Refinery  
  15  0:39  SCV  
  16  0:44  Barracks  
  16  0:51  SCV  
  17  1:07  SCV  
  18  1:19  SCV  
  19  1:32  Reaper  
  20  1:37  Orbital Command  
  20  1:45  Command Center  
  20  1:56  Factory  
  20  2:04  Supply Depot  
  20  2:10  Barracks Reactor  
  20  2:13  SCV  
  21  2:21  Refinery  
  21  2:25  SCV  
  22  2:37  SCV  
  22  2:42  Factory Tech Lab  
  23  2:49  SCV  
  24  2:57  Orbital Command  
  24  3:01  SCV  
  24  3:04  Cyclone  
  28  3:12  Starport  
  28  3:13  SCV  
  28  3:15  Refinery  
  28  3:19  Marine x2  
  31  3:24  SCV  
  31  3:25  SCV  
  33  3:36  SCV  
  33  3:37  Marine x2, SCV  
  33  3:38  Siege Tank  
  41  3:48  SCV  
  41  3:50  SCV, Starport Tech Lab  
  42  4:00  SCV  
  42  4:02  SCV  
  44  4:06  Marine x2  
  46  4:17  Supply Depot  
  46  4:22  Raven, SCV x2  
  46  4:23  Siege Tank  
  53  4:34  SCV  
  54  4:39  SCV  
  54  4:40  Marine x2  
  57  4:46  SCV  
  57  4:50  Command Center  
  57  4:51  SCV  
  59  4:58  Supply Depot, SCV  
  60  5:02  Supply Depot  
  60  5:03  SCV  
  61  5:10  SCV  
  62  5:20  Marine, Siege Tank, Raven, SCV  
  69  5:23  SCV  
  69  5:27  Barracks  
  70  5:30  Barracks  
  70  5:31  Engineering Bay  
  70  5:32  Engineering Bay, SCV, Marine  
  70  5:35  SCV  
  73  5:38  Marine  
  74  5:45  SCV  
  74  5:47  SCV  
  76  5:50  Refinery  
  75  5:58  Factory Tech Lab  
  75  5:59  Terran Infantry Weapons Level 1, Terran Infantry Armor Level 1  
  74  6:12  Starport Reactor  
  74  6:22  SCV x2  
  76  6:33  Command Center  
  76  6:40  Supply Depot  
  76  6:45  Armory  
  76  6:46  Orbital Command  
  76  6:49  SCV x2  
  76  6:50  Marine x2  
  76  6:51  Marine  
  76  6:52  Siege Tank, Viking x2  
  88  6:55  Marine  
  89  7:01  SCV x2  
  91  7:08  Marine x3  
  91  7:12  Marine  
  91  7:13  Supply Depot  
  91  7:15  Supply Depot  
  95  7:16  SCV x3  
  95  7:17  Refinery  
  95  7:22  Viking  
  100  7:26  Marine, Stimpack, Combat Shield  
  101  7:34  Marine x3, SCV x3  
  107  7:37  Terran Vehicle Weapons Level 1  
  107  7:42  Siege Tank  
  107  7:44  Marine  
  110  7:46  SCV x3  
  114  7:52  Marine x3  
  114  7:56  Viking x2  
  121  7:59  SCV x3  
  121  8:02  Marine  
  121  8:05  Barracks  
  125  8:07  Barracks  
  125  8:10  Marine x3, Barracks  
  125  8:11  Barracks, SCV  
  129  8:14  Siege Tank  
  129  8:15  Barracks  
  129  8:16  Barracks  
  129  8:19  Marine  
  132  8:26  SCV x3  
  136  8:27  Marine, Terran Infantry Weapons Level 2  
  136  8:28  Marine x2, Terran Infantry Armor Level 2  
  136  8:34  Refinery  
  139  8:37  Marine  
  140  8:45  Planetary Fortress  
  140  8:54  Supply Depot  
  140  9:06  Supply Depot  
  140  9:16  Marine x2, Siege Tank, Viking, SCV  
  148  9:19  Supply Depot, Barracks Reactor x5  
  148  9:21  Supply Depot, Barracks Reactor  
  148  9:24  Refinery  
  148  9:27  Marine x2, Viking  
  148  9:29  Refinery  
  156  9:38  Terran Vehicle And Ship Armor Level 1  
  152  9:45  Marine  
  153  9:52  Factory  
  153  9:56  Starport  
  153  9:58  Marine x13  
  153  9:59  Marine x2  
  168  10:01  Siege Tank  
  168  10:03  Marine  
  172  10:08  Viking  
  171  10:16  Marine  
  171  10:18  Marine x3  
  171  10:20  Marine  
  172  10:56  Supply Depot x2  
  172  10:58  Supply Depot  
  172  11:09  Armory, Command Center  
  172  11:14  Fusion Core  
  172  11:17  Marine x14, Viking  
  188  11:19  Marine x2, Supply Depot  
  188  11:20  Siege Tank  
  193  11:28  Factory Tech Lab, Starport Reactor  
  193  11:29  SCV  
  193  11:30  SCV x2  
  196  11:36  Medivac  
  196  11:37  Marine x2  
  198  11:53  Siege Tank  
  196  12:00  SCV x2  
  196  12:03  Siege Tank  
  199  12:26  Command Center  
  199  12:42  Marine x2  
  200  12:52  Barracks  
  200  12:55  Barracks  
  200  12:57  Barracks  
Show
View Real Time Build Order
Export as new Build Order

A.I. 1 (Medium) Terran 

Build Orders:  

Get SALT Encoding   

  12  0:00  SCV  
  13  0:13  SCV  
  14  0:18  Supply Depot  
  14  0:25  SCV  
  15  0:40  SCV  
  16  0:45  Barracks  
  16  0:48  Refinery  
  16  0:52  SCV  
  17  1:04  SCV  
  18  1:17  Supply Depot  
  18  1:32  Marine  
  18  1:34  Orbital Command, Barracks  
  19  1:42  Refinery  
  19  1:51  Barracks Tech Lab  
  19  2:09  Marine  
  19  2:12  Supply Depot  
  20  2:21  Marine  
  21  2:31  Marine  
  21  2:32  SCV  
  23  2:41  Marine  
  23  2:44  Engineering Bay, SCV  
  25  2:51  Marine  
  25  2:56  SCV  
  27  2:58  Supply Depot  
  27  3:08  SCV  
  27  3:09  Marauder  
  30  3:20  SCV  
  31  3:31  Marauder  
  31  3:32  SCV  
  34  3:52  Marauder  
  36  5:18  Barracks Tech Lab, SCV  
  37  5:22  Factory  
  37  5:25  Factory  
  37  5:28  Missile Turret  
  37  5:29  Missile Turret  
  37  5:30  SCV  
  37  5:31  Supply Depot  
  38  5:36  Barracks  
  38  5:40  Sensor Tower  
  38  5:49  Bunker  
  38  5:54  Marine  
  38  5:56  Command Center, Supply Depot  
  27  6:06  Marine  
  27  6:08  Armory  
  28  6:11  Factory Tech Lab, Starport  
  28  6:12  Factory Tech Lab  
  28  6:19  Marine  
  29  6:31  Marine, Barracks Reactor  
  30  6:43  Marine  
  31  6:49  Starport Tech Lab  
  31  6:55  Marine  
  32  7:08  Marauder, Raven  
  34  7:09  SCV  
  34  7:12  SCV  
  38  7:18  Refinery  
  38  7:20  Missile Turret, Marauder  
  38  7:21  SCV  
  41  7:22  Missile Turret  
  41  7:24  Refinery, SCV  
  42  7:32  Siege Tank  
  42  7:33  SCV  
  42  7:36  SCV  
  47  7:42  Bunker  
  47  7:44  Siege Tank  
  47  7:45  SCV  
  47  7:48  SCV  
  47  7:51  Raven  
  52  7:57  SCV  
  55  8:00  SCV  
  55  8:04  Cyclone  
  59  8:09  SCV  
  59  8:12  SCV  
  61  8:21  SCV  
  61  8:24  SCV  
  63  8:33  SCV  
  64  8:36  SCV  
  65  8:46  SCV  
  66  8:48  SCV  
  67  8:58  SCV  
  67  9:00  SCV  
  69  9:38  Medivac, Stimpack, Combat Shield  
  71  9:39  Terran Infantry Weapons Level 1  
  71  9:43  Ghost Academy  
  71  9:50  Starport  
  71  9:56  Engineering Bay  
  71  9:58  Supply Depot  
  71  10:01  Marine  
  71  10:05  Fusion Core  
  61  10:08  Marine, Raven  
  61  10:09  Armory  
  59  10:15  Marine  
  55  10:22  Marine, Supply Depot, Terran Infantry Armor Level 1  
  55  10:26  Medivac  
  55  10:29  Marine  
  56  10:40  Marauder  
  58  10:42  Command Center  
  58  10:44  Marine  
  59  10:50  Raven  
  59  10:51  Marine  
  62  10:57  Starport Reactor  
  62  10:58  Marine  
  63  11:05  Marine  
  64  11:12  Marine  
  65  11:23  Marauder  
  67  11:30  Ghost  
  69  11:33  Raven  
  71  11:44  Ghost, Medivac  
  71  11:46  Marine  
  73  11:47  Medivac  
  62  11:54  Hellion  
  59  12:01  Hellion, SCV  
  59  12:04  SCV  
  59  12:08  Marine  
  61  12:15  Hellion, SCV  
  62  12:18  SCV  
  62  12:22  Viking  
  65  12:27  SCV  
  65  12:29  Viking  
  67  12:32  Supply Depot  
  67  12:34  Command Center  
  57  12:37  Hellion  
  57  12:39  SCV  
  45  12:44  Viking  
  39  12:52  Hellion, SCV  
  40  12:59  Marauder  
  40  13:04  SCV  
  33  13:06  Starport Tech Lab  
  33  13:09  Starport Tech Lab  
  33  13:11  Starport Tech Lab  
  17  13:18  Supply Depot  
Tags
 
Add a new tag
Caveats
  • Supply blocks, unpowered buildings, or Contaminate may cause inaccurate times.
  • Supply counts are checked every 10 seconds.